 Dungeon Crawl Stone Soup version 0.31-a0-819-gf6de2f5ab6 (webtiles) character file.

Game seed: 5989049883059457216

28 Dirtsage the Chopper (level 3, 28/29 HPs)
             Began as a Demonspawn Fighter on Sept 23, 2023.
             Quit the game on level 1 of the Dungeon.
             The game lasted 00:00:39 (311 turns).

Dirtsage the Chopper (Demonspawn Fighter)            Turns: 311, Time: 00:00:39

Health: 28/29      AC:  7    Str: 18    XL:     3   Next: 0%
Magic:  3/3        EV:  9    Int:  9    God:
Gold:   56         SH:  5    Dex: 16    Spells: 2/2 levels left

rFire   . . .        a - +0 war axe
rCold   . . .        c - +0 buckler
rNeg    . . .        b - +0 scale mail
rPois   .            (no helmet)
rElec   .            (no cloak)
rCorr   .            e - +0 pair of gloves
SInv    .            (no boots)
Will    .....        (no amulet)
Stlth   ++           (no ring)
HPRegen 0.24/turn    (no ring)
MPRegen 0.08/turn

%: no passive effects
@: no status effects
A: thin skeletal structure 2
a: no special abilities


You were on level 1 of the Dungeon.
You visited 1 branch of the dungeon, and saw 1 of its levels.

You collected 56 gold pieces.

Inventory:

Hand Weapons
 a - a +0 war axe (weapon)
Armour
 b - a +0 scale mail (worn)
 c - a +0 buckler (worn)
 e - a +0 pair of gloves (worn)
Scrolls
 f - a scroll of teleportation {unknown}
 g - 2 scrolls of identify {unknown}
Potions
 d - 2 potions of might
 h - 2 potions of ambrosia {unknown}


   Skills:
 - Level 3.0 Fighting
 + Level 3.2 Axes
 - Level 2.6 Armour
 - Level 2.6 Shields


You had 2 spell levels left.
You didn't know any spells.
Your spell library contained the following spells:

 Spells                   Type           Power      Damage    Failure   Level
 Poisonous Vapours        Pois/Air       0%         N/A       94%         2
 Mephitic Cloud           Conj/Pois/Air  0%         N/A       99%         3
 Freezing Cloud           Conj/Ice/Air   0%         6-21      100%        5


Dungeon Overview and Level Annotations

Branches:
Dungeon (1/15)

Altars:


Innate Abilities, Weirdness & Mutations

You have a moderately thin skeletal structure. (Dex +4, Stealth++)


Message History

You kill the jackal!
You hit the giant cockroach but do no damage.
You closely miss the jackal.
The jackal bites you but does no damage.
The giant cockroach bites you but does no damage.
The jackal bites you but does no damage.
The giant cockroach bites you but does no damage.
You hit the giant cockroach but do no damage.
The giant cockroach is moderately wounded.
You closely miss the jackal.
The jackal bites you but does no damage.
The giant cockroach barely misses you. The jackal barely misses you.
You block the giant cockroach's attack.
You closely miss the giant cockroach.
The giant cockroach is moderately wounded.
You closely miss the jackal.
The jackal bites you but does no damage.
The giant cockroach misses you. The jackal bites you.
You take 1 damage, and have 22/24 hp.
You hit the giant cockroach.
The giant cockroach is severely wounded.
You hit the jackal but do no damage. The giant cockroach barely misses you.
The jackal barely misses you.
The giant cockroach bites you but does no damage.
The jackal barely misses you.
You barely miss the giant cockroach.
The giant cockroach is severely wounded.
You slash the jackal!
You kill the jackal!
The giant cockroach closely misses you. x2
You slash the giant cockroach!
You kill the giant cockroach!
You have reached level 3!
Your experience leads to an increase in your attributes!
Increase (s)trength, (i)ntelligence, or (d)exterity?
You feel stronger. x2; Your demonic ancestry asserts itself...
Your bones become somewhat less dense.
You regained 5 hp, and now have 28/29 hp.
MP restored: 3 Are you sure you want to abandon this character and quit the game? (Confirm with "yes".)

#..........) ###..####
#..........# ........##
#........... .........##
#........###
..........###..#.....###
...............#†#.####.
..........##............
......††...............#
......†@†...........##.#
...................###..
#############......####.
.......#........###
.......'......#....
.......#......####.
########......#....
###......###
#...########


There were no monsters in sight!

Vanquished Creatures
  3 giant cockroaches (D:1)
  3 goblins (D:1)
  9 jackals (D:1)
  3 ball pythons (D:1)
  2 frilled lizards (D:1)
  5 kobolds (D:1)
25 creatures vanquished.

Notes
Turn   | Place    | Note
-------+----------+-------------------------------------------
     0 | D:1      | Dirtsage the Demonspawn Fighter began the quest for the
                  | Orb.
     0 | D:1      | Reached XP level 1. HP: 18/18 MP: 1/1
    78 | D:1      | Gained mutation: You have a somewhat thin skeletal
                  | structure. (Dex +2, Stealth+) [demonic ancestry]
    78 | D:1      | Reached XP level 2. HP: 4/24 MP: 2/2
   311 | D:1      | Gained mutation: You have a moderately thin skeletal
                  | structure. (Dex +4, Stealth++) [demonic ancestry]
   311 | D:1      | Reached XP level 3. HP: 28/29 MP: 3/3
   311 | D:1      | Quit the game

Illustrated notes

Levels and vault maps discovered:
D:1:      amcnicky_arrival_choice, layout_rooms, nrook_uturn

Skill      XL: |  1  2 |
---------------+-------+-----
Axes           | 2 3 |  3.2
Fighting       | |  3.0
Armour         | |  2.6
Shields        | |  2.6

Action                     || total
---------------------------++-------
  Melee: War axe           ||    49
   Stab: Sleeping          ||     1
 Armour: Scale mail        ||    51
  Dodge: Dodged            ||    38
  Block: Buckler           ||    17

Table legend: (Time is in decaauts)
 A = Elapsed time spent in this place.
 B = Non-inter-level travel time spent in this place.
 C = Inter-level travel time spent in this place.
 D = Time resting spent in this place.
 E = Time spent auto-exploring this place.
 F = Levels seen in this place.
 G = Mean time per level.
                   A        B        C        D        E       F      G
               +--------+--------+--------+--------+--------+-----+--------+
         Total |    331 |    331 |      0 |      0 |    209 |   1 |  331.0 |
       Dungeon |    331 |    331 |      0 |      0 |    209 |   1 |  331.0 |
               +--------+--------+--------+--------+--------+-----+--------+

Top non-repeatable levels by time:
     D:1: 331 daAuts
